 Dungeon Crawl Stone Soup version 0.24-a0-169-g71aafec (webtiles) character file.

Game seed: 16921137496511954022

492 XanderDroid the Chopper (level 6, -5/56 HPs)
             Began as a Minotaur Berserker on Mar 7, 2019.
             Was a Priest of Trog.
             Splashed by a jelly's acid (9 damage)
             ... on level 4 of the Dungeon.
             The game lasted 00:07:38 (3264 turns).

XanderDroid the Chopper (Minotaur Berserker)        Turns: 3264, Time: 00:07:39

Health: -5/56      AC: -3    Str: 22    XL:     6   Next: 91%
Magic:  5/5        EV:  8    Int:  4    God:    Trog [***...]
Gold:   130        SH:  0    Dex: 11    Spells: 5/5 levels left

rFire    . . .     SeeInvis .   a - +0 hand axe
rCold    . . .     Gourm    .   (no shield)
rNeg     . . .     Faith    .   g - +0 plate armour
rPois    .         Spirit   .   (helmet restricted)
rElec    .         Reflect  .   (no cloak)
rCorr    .         Harm     .   (no gloves)
MR       .....                  (no boots)
Stlth    ..........             (no amulet)
HPRegen  0.18/turn              (no ring)
MPRegen  0.09/turn              (no ring)

@: corroded
A: retaliatory headbutt, horns 2
a: Berserk, Trog's Hand, Renounce Religion


You were on level 4 of the Dungeon.
You worshipped Trog.
Trog was most pleased with you.
You were hungry.

You visited 1 branch of the dungeon, and saw 4 of its levels.

You collected 130 gold pieces.

Inventory:

Hand Weapons
 a - a +0 hand axe (weapon)
 p - the +8 dagger of Destruction {antimagic, *Corrode rC+ MR+ Str+3}
   (You found it on level 4 of the Dungeon)

   It reduces the magical energy of the wielder, and disrupts the spells and
   magical abilities of those hit.
   Natural abilities and divine invocations are not affected.
   It affects your strength (+3).
   It protects you from cold.
   It affects your resistance to hostile enchantments.
   It may corrode you when you take damage.
Armour
 g - a +0 plate armour (worn)
Scrolls
 e - 3 scrolls of teleportation
 f - a scroll of identify
 j - 4 scrolls of remove curse
 n - a scroll of amnesia {unknown}
Potions
 b - 3 potions of curing
 d - a potion of cancellation {unknown}
 h - a potion of magic {unknown}
 i - a potion of haste {unknown}
 k - a potion of ambrosia {unknown}
 l - a potion of brilliance {unknown}
 o - a potion of heal wounds {unknown}
Comestibles
 c - 4 rations


   Skills:
 + Level 5.3 Fighting
 * Level 6.6 Axes
 + Level 4.5 Armour
 + Level 4.1 Dodging


You had 5 spell levels left.
You didn't know any spells.
Your spell library was empty.

Dungeon Overview and Level Annotations

Branches:
Dungeon (4/15)
 Temple: D:4-7

Altars:
Kikubaaqudgha
Makhleb
Okawaru
Trog
Vehumet
The Shining One


Innate Abilities, Weirdness & Mutations

You reflexively headbutt those who attack you in melee.
You have a pair of horns on your head.


Message History

You hit the jelly.
Your hands burn!
You headbutt the jelly, but do no damage.
The jelly is lightly wounded.
The jelly barely misses you.
You hit the jelly but do no damage. The acid corrodes you!
Your hands burn!
The jelly is lightly wounded.
The jelly hits you.
You are splashed with acid!
* * * LOW HITPOINT WARNING * * *
You hit the jelly but do no damage.
Your hands burn!
* * * LOW HITPOINT WARNING * * *
You headbutt the jelly!
The jelly is moderately wounded.
The jelly barely misses you.
You hit the jelly.
Your hands burn!
* * * LOW HITPOINT WARNING * * *
The jelly is heavily wounded.
The jelly hits you.
* * * LOW HITPOINT WARNING * * *
The acid corrodes you!
You are splashed with acid!
You die...

### ########.#
#........# #.######.#
#.# #.# #########.# #.#
..........# #.#
#.........## #@#
........(..# #.)J......
...........####>........
.#.#'#........'.........
.#.#.#.#.#.####.........
.#.#.#...#.# #######...
.#.#.###.#.# ...
.#.#.....#.# ..
.#.#####.#.# #..


You could see a jelly.

Vanquished Creatures
  The ghost of CasualChangeling the Skirmisher, an amateur DrWn (D:3)
  2 ogres (D:4)
  An orc wizard (D:4)
  A worker ant (D:4)
  4 gnolls (D:4)
  6 adders
  A worm (D:2)
  3 dart slugs (D:1)
  2 orcs (D:4)
  15 giant cockroaches
  7 hobgoblins
  7 kobolds
  3 quokkas
  11 bats
  6 frilled lizards
  7 goblins
  10 rats
87 creatures vanquished.

Vanquished Creatures (others)
  A human (D:3)
1 creature vanquished.

Grand Total: 88 creatures vanquished

Notes
Turn   | Place    | Note
-------+----------+-------------------------------------------
     0 | D:1      | XanderDroid the Minotaur Berserker began the quest for the
                  | Orb.
     0 | D:1      | Reached XP level 1. HP: 19/19 MP: 0/0
   134 | D:1      | Reached XP level 2. HP: 27/27 MP: 1/1
   142 | D:1      | Reached skill level 4 in Axes
   413 | D:1      | Reached ** piety under Trog
   473 | D:1      | Reached XP level 3. HP: 33/33 MP: 2/2
   984 | D:2      | Found a glowing golden altar of the Shining One.
   984 | D:2      | Found an iron altar of Okawaru.
   985 | D:2      | Found a bloodstained altar of Trog.
  1007 | D:2      | Found a burning altar of Makhleb.
  1019 | D:2      | Reached XP level 4. HP: 34/40 MP: 3/3
  1587 | D:3      | Found a runed translucent door.
  1587 | D:3      | Noticed CasualChangeling's ghost (amateur DrWn)
  1614 | D:3      | Found a radiant altar of Vehumet.
  1661 | D:3      | Found an ancient bone altar of Kikubaaqudgha.
  1757 | D:3      | Reached *** piety under Trog
  1760 | D:3      | Reached skill level 5 in Axes
  2042 | D:3      | Found a faded altar of an unknown god.
  2317 | D:3      | Noticed a human
  2319 | D:3      | Killed a human
  2615 | D:3      | Killed CasualChangeling's ghost
  2615 | D:3      | Reached XP level 5. HP: 39/47 MP: 4/4
  2699 | D:4      | Noticed an ogre
  2707 | D:4      | Killed an ogre
  2707 | D:4      | Reached skill level 6 in Axes
  2707 | D:4      | Reached XP level 6. HP: 19/55 MP: 5/5
  2836 | D:4      | Found an ancient bone altar of Kikubaaqudgha.
  2951 | D:4      | Reached skill level 5 in Fighting
  3031 | D:4      | Got a translucent dagger
  3032 | D:4      | Identified the +8 dagger of Destruction {antimagic,
                  | *Corrode rC+ MR+ Str+3} (You found it on level 4 of the
                  | Dungeon)
  3264 | D:4      | Splashed by a jelly's acid

Levels and vault maps discovered:
D:1:      matt_arrival_spirals, layout_basic
D:2:      minmay_roachtagon, layout_basic, nicolae_overflow_quartered_altars
D:3:      layout_basic, fiery_altar_vehumet, gammafunk_ghost_grave,
          chequers_ecumenical_altar_lobes, tgw_kikubaaqudgha
D:4:      layout_basic, kennysheep_little_box, minmay_quadrilaterals, uniq_pikel

Skill      XL: |  1  2  3  4  5  6 |
---------------+-------------------+-----
Axes           | 4 5 6 |  6.6
Fighting       | 4 5 |  5.3
Armour         | 3 4 |  4.5
Dodging        | 3 4 |  4.1

Action                   |  1- 3 |  4- 6 || total
-------------------------+-------+-------++-------
Melee: Hand axe          |   109 |   135 ||   244
       Headbutt          |    15 |    22 ||    37
  Use: Scroll            |       |     5 ||     5
  Eat: Chunk             |       |     7 ||     7
Armor: Plate armour      |    71 |    91 ||   162
       Animal skin       |     5 |       ||     5
Dodge: Dodged            |    42 |    55 ||    97

Table legend:
 A = Non-vault XP
 B = Vault XP
 C = Vault XP percentage of total XP
 D = Non-vault monster count
 E = Vault monster count
 F = Vault count percentage of total count
                 A         B        C        D         E       F
            +---------+---------+-------+---------+---------+-------
      Total |     557 |     146 |  20.8 |      75 |      12 |  13.8
            +---------+---------+-------+---------+---------+-------
        D:1 |      52 |       0 |   0.0 |      30 |       0 |   0.0
        D:2 |      64 |      22 |  25.6 |      15 |      11 |  42.3
        D:3 |      51 |     124 |  70.9 |      17 |       1 |   5.6
        D:4 |     390 |       0 |   0.0 |      13 |       0 |   0.0
            +---------+---------+-------+---------+---------+-------
